 Dungeon Crawl Stone Soup version 0.20-a0-850-ge5a7832 (webtiles) character file.

5828 Deathtrap2010 the Blocker (level 10, -1/90 HPs)
             Began as a Minotaur Fighter on Mar 10, 2017.
             Was a Believer of Dithmenos.
             Slain by a purple ugly thing (10 damage)
             ... on level 10 of the Dungeon.
             The game lasted 00:23:30 (4879 turns).

Deathtrap2010 the Blocker (Minotaur Fighter)        Turns: 4879, Time: 00:23:30

Health: -1/90      AC: 11    Str: 31    XL:     10   Next: 51%
Magic:  9/9        EV: 16    Int:  7    God:    Dithmenos [**....]
Gold:   316        SH: 13    Dex: 10    Spells: 9/9 levels left

rFire    . . .     SeeInvis .   l - +0 war axe (chop)
rCold    + . .     Gourm    .   j - +2 scale mail {rC+}
rNeg     . . .     Faith    .   c - +0 shield
rPois    .         Spirit   .   (helmet restricted)
rElec    .         Reflect  .   (no cloak)
rCorr    .         Harm     .   (no gloves)
MR       .....     Clarity  +   e - +0 pair of boots
Stlth    ..........             (no amulet)
Regen    0.0/turn               (no ring)
MPRegen  0.2/turn               k - +5 ring of evasion

@: mighty, wreathed by umbra
A: retaliatory headbutt, horns 2, talons 1, clarity, clever 1, inhibited
regeneration, strong 1, wild magic 1
a: Shadow Step, Renounce Religion


You were on level 10 of the Dungeon.
You worshipped Dithmenos.
Dithmenos was pleased with you.
You were not hungry.

You visited 2 branches of the dungeon, and saw 11 of its levels.

You collected 316 gold pieces.

Inventory:

Hand Weapons
 l - a +0 war axe of chopping (weapon)
Missiles
 g - 3 javelins (quivered)
Armour
 c - a +0 shield (worn)
 e - a +0 pair of boots (worn)
 j - a +2 scale mail of cold resistance (worn)
Jewellery
 k - a +5 ring of evasion (left hand)
Scrolls
 b - a scroll of teleportation
 h - 2 scrolls of remove curse
 m - 6 scrolls of identify
Potions
 a - a potion of brilliance
 p - a potion of ambrosia
Miscellaneous
 q - a phial of floods (inert)
Comestibles
 f - 3 royal jellies
 i - 2 fruits


   Skills:
 * Level 8.5 Fighting
 - Level 8.0(8.4) Axes
   Level 3.7(6.3) Polearms
 * Level 8.7 Armour
 + Level 4.0 Dodging
 * Level 12.1 Shields
 + Level 0.3 Evocations


You had 9 spell levels left.
You didn't know any spells.

Dungeon Overview and Level Annotations

Branches:
Dungeon (10/15)            Temple (1/1) D:6
   Lair: D:8-11         Orc: D:9-12

Altars:
Ashenzari
Cheibriados
Dithmenos
Elyvilon
Fedhas
Gozag
Hepliaklqana
Kikubaaqudgha
Makhleb
Nemelex Xobeh
Okawaru
Qazlal
Ru
Uskayaw
Vehumet
Wu Jian
Xom
Zin
The Shining One


Innate Abilities, Weirdness & Mutations

You reflexively headbutt those who attack you in melee.
You have a pair of horns on your head.
You have sharp toenails.
You possess an exceptional clarity of mind.
Your mind is acute. (Int +2)
You do not regenerate when monsters are visible.
Your muscles are strong. (Str +2)
Your spells are a little harder to cast, but a little more powerful.


Message History

The troll bites you!
* * * LOW HITPOINT WARNING * * *
A jackal comes into view.
The jackal barks!
You block the troll's attack. The troll claws you but does no damage.
You slash the troll! Your headbutt misses the troll.
The troll is severely wounded.
The troll barely misses you. x2; The troll completely misses you.
You slash the troll! You headbutt the troll.
You kill the troll!
Dithmenos accepts your kill.
Your life force feels restored.
The bullfrog skeleton closely misses you.
Okay, then.
You hit the bullfrog skeleton.
The bullfrog skeleton is moderately damaged.
You slash the purple ugly thing!
You block the bullfrog skeleton's attack.
The purple ugly thing kicks you!
You die...

#.. #.# #... #.# #...
#.#### #...###....
#........# #........#
..#######.....#############
.........u.................
........hZ@...#############
.........###### .........#
.......... .. #........$.
## #...........
#######.....# ####..#


You could see a purple ugly thing, a jackal and a bullfrog skeleton.

Vanquished Creatures
  Erica (D:10)
  A two-headed ogre (D:10)
  Pikel (D:9)
  A cyclops (D:9)
  Psyche (D:9)
  A troll (D:10)
  Grinder (D:6)
  A wyvern (D:9)
  5 yaks (D:9)
  An orc warrior (D:9)
  A phantom (D:9)
  2 ogres
  An ice beast (D:5)
  2 sky beasts
  A necrophage (D:5)
  The ghost of Senya the Slasher, an amateur HuFi (D:3)
  2 centaurs
  A big kobold (D:9)
  A bullfrog (D:8)
  2 scorpions
  2 howler monkeys (D:9)
  3 wights (D:10)
  A centaur zombie (D:9)
  4 hounds
  A jelly (D:5)
  2 orc priests
  An iguana (D:5)
  5 orc wizards
  4 worker ants
  A hound skeleton (D:4)
  A howler monkey skeleton (D:5)
  7 gnolls
  11 adders
  2 shadow imps
  2 oozes
  An adder zombie (D:5)
  2 worms
  An adder skeleton (D:5)
  3 dart slugs
  4 leopard geckos
  16 orcs
  7 bats
  5 giant cockroaches
  8 hobgoblins
  12 jackals
  3 quokkas
  A ball python (D:2)
  5 frilled lizards
  3 goblins
  11 kobolds
  A leopard gecko skeleton (D:4)
  4 rats
162 creatures vanquished.

Vanquished Creatures (collateral kills)
  An electric eel (D:10)
1 creature vanquished.

Vanquished Creatures (others)
  A slave (D:9)
  A howler monkey (D:9)
  An orc priest (D:9)
  2 orc wizards (D:9)
  3 orcs (D:9)
8 creatures vanquished.

Grand Total: 171 creatures vanquished

Notes
Turn   | Place    | Note
-------+----------+-------------------------------------------
     0 | D:1      | Deathtrap2010 the Minotaur Fighter began the quest for the Orb.
     0 | D:1      | Reached XP level 1. HP: 19/19 MP: 0/0
   202 | D:1      | Reached XP level 2. HP: 26/27 MP: 1/1
   206 | D:1      | Reached skill level 4 in Shields
   386 | D:1      | Reached XP level 3. HP: 33/33 MP: 2/2
  1523 | D:2      | Reached XP level 4. HP: 40/40 MP: 3/3
  1566 | D:3      | Noticed Senya's ghost (amateur HuFi)
  1579 | D:3      | Killed Senya's ghost
  1579 | D:3      | Reached XP level 5. HP: 31/46 MP: 4/4
  1653 | D:3      | Found a burning altar of Makhleb.
  1706 | D:3      | Gained mutation: You have sharp toenails. [potion of mutation]
  1706 | D:3      | Gained mutation: Your muscles are strong. (Str +2) [potion of mutation]
  1706 | D:3      | Gained mutation: Your mind is acute. (Int +2) [potion of mutation]
  1960 | D:3      | Found a blossoming altar of Fedhas.
  1974 | D:3      | Found a hazy altar of Hepliaklqana.
  2026 | D:3      | Reached skill level 5 in Shields
  2290 | D:4      | Reached skill level 5 in Axes
  2330 | D:4      | Reached XP level 6. HP: 23/53 MP: 5/5
  2428 | D:4      | Reached skill level 1 in Dodging
  2960 | D:5      | Entered Level 5 of the Dungeon
  2969 | D:5      | Found a sacrificial altar of Ru.
  2970 | D:5      | Found a glowing golden altar of the Shining One.
  2974 | D:5      | Found a stormy altar of Qazlal.
  2990 | D:5      | Reached XP level 7. HP: 60/60 MP: 6/6
  2995 | D:5      | Reached skill level 5 in Armour
  3124 | D:5      | Found an iron altar of Okawaru.
  3128 | D:5      | Found an ornate altar of the Wu Jian Council.
  3152 | D:5      | Reached skill level 6 in Shields
  3181 | D:5      | Found a sparkling altar of Nemelex Xobeh.
  3256 | D:5      | Reached skill level 5 in Fighting
  3270 | D:5      | Found a snail-covered altar of Cheibriados.
  3473 | D:6      | Found a staircase to the Ecumenical Temple.
  3474 | D:6      | Noticed Grinder
  3476 | D:6      | Paralysed by Grinder for 2 turns
  3486 | D:6      | Killed Grinder
  3486 | D:6      | Reached XP level 8. HP: 18/68 MP: 7/7
  3511 | Temple   | Entered the Ecumenical Temple
  3616 | Temple   | Became a worshipper of Dithmenos the Shadowed
  3675 | D:6      | Found an iron altar of Okawaru.
  3706 | D:6      | Got an encrusted spear
  3707 | D:6      | Identified the +0 spear "Xeros" {freeze, rElec rN+++ Int-2 Dex+9} (You found it on level 6 of the Dungeon)
  3842 | D:8      | Reached skill level 1 in Polearms
  3842 | D:8      | Reached skill level 7 in Shields
  3963 | D:9      | Noticed Pikel
  3987 | D:9      | Killed Pikel
  3987 | D:9      | Reached skill level 8 in Shields
  3987 | D:9      | Reached XP level 9. HP: 55/75 MP: 8/8
  3990 | D:9      | Reached * piety under Dithmenos
  4043 | D:9      | Noticed a cyclops
  4058 | D:9      | Killed a cyclops
  4058 | D:9      | Reached skill level 9 in Shields
  4182 | D:9      | Reached skill level 10 in Shields
  4314 | D:9      | Noticed Psyche
  4321 | D:9      | Killed Psyche
  4321 | D:9      | Reached skill level 11 in Shields
  4641 | D:9      | Reached XP level 10. HP: 80/86 MP: 9/9
  4648 | D:9      | Gained mutation: Your spells are a little harder to cast, but a little more powerful. [mutagenic meat]
  4649 | D:9      | Gained mutation: You do not regenerate when monsters are visible. [mutagenic meat]
  4650 | D:9      | Gained mutation: You possess an exceptional clarity of mind. [mutagenic meat]
  4711 | D:10     | Entered Level 10 of the Dungeon
  4722 | D:10     | Noticed a two-headed ogre
  4732 | D:10     | Killed a two-headed ogre
  4781 | D:10     | Noticed Erica
  4801 | D:10     | Killed Erica
  4801 | D:10     | Reached skill level 12 in Shields
  4802 | D:10     | Reached ** piety under Dithmenos
  4876 | D:10     | Noticed a purple ugly thing
  4879 | D:10     | Slain by a purple ugly thing

Vault maps used:
D:1:      dpeg_arrival_lava_temple_mockup, minmay_ruptured
D:2:      lemuel_blue_sif_altar
D:3:      lightli_temple_of_fire, amethyst_overflow_temple_binary
D:4:      first_bread, nrook_mini_vaults, minmay_box_of_dots
D:5:      nicolae_overflow_hidden_temple, kennysheep_mini_moat, basic_altar
D:6:      minmay_temple_entry_statues_fountains, okawaru_ov_weapons_minmay,
          uniq_grinder
D:7:      lemuel_doored_altar, uniq_duvessa, uniq_joseph
D:8:      kennysheep_little_box, serial_bayou_pond_e
D:9:      uniq_psyche, uniq_pikel
D:10:     minmay_distorted_concentric_squares, serial_shops, shop_coins,
          grunt_ogre_cave, uniq_erica
Temple:   cyrus_temple_forest

Skill      XL: |  1  2  3  4  5  6  7  8  9 10 |
---------------+-------------------------------+-----
Shields        | 4 5 6 8 11 12 | 12.1
Axes           | 3 4 5 6 8 |  8.0
Fighting       | 4 5 6 7 8 |  8.5
Armour         | 4 5 6 7 8 |  8.7
Dodging        | 1 2 3 4 |  4.0
Polearms       | 3 |  3.7
Evocations     | |  0.3

Action                   |  1- 3 |  4- 6 |  7- 9 | 10-12 || total
-------------------------+-------+-------+-------+-------++-------
Melee: War axe           |    86 |    89 |   182 |    40 ||   397
       Headbutt          |     5 |    20 |    56 |     5 ||    86
       Spear             |       |       |    86 |       ||    86
Throw: Javelin           |       |       |       |     3 ||     3
Evoke: Phial of floods   |       |       |       |     1 ||     1
  Use: Scroll            |     3 |     1 |     1 |       ||     5
       Potion            |     1 |     4 |     5 |     6 ||    16
  Eat: Bread ration      |     1 |     1 |     1 |       ||     3
       Chunk             |       |       |       |     4 ||     4
Armor: Scale mail        |    30 |    21 |    66 |    10 ||   127
       Chain mail        |    20 |    12 |       |       ||    32
Dodge: Dodged            |    54 |    54 |   134 |    21 ||   263
Block: Shield            |    68 |    54 |   180 |    25 ||   327
